Workbook

Sheet 海外书单
A1: 波兰晨光流动书房
A2: 您好：您可以通过下列序号索引快速找到所需类别书籍。（注：括号内为相应出版社）
A3: 序号001-050：美国麦种图书 （出版社美国麦种）
A4: 序号051-089：圣经 （环球圣经公会，汉语圣经协会，橄榄华宣、台湾道声、基督使者）
A5: 序号090-097：儿童绘本读物 （国际圣经汉语出版社、环球圣经公会、汉语圣经协会）
A6: 序号 098 ：福音文学 （美国使者）
A7: 序号099-103：婚恋家庭亲子 （香港道声、基督使者、美国使者、校园、中主）
A8: 序号104-115：见证传记 （基督使者、加拿大信徒布道会、神州传播协会、台湾道声、校园、美国使者）
A9: 序号116-128：教会牧养 （美国使者、橄榄华宣、更新传道会、基督使者、基石、举手网络、香港道声、天道、校园、中主、中华福音神学院）
A10: 序号 129 ：历史与文化 （基督使者）
A11: 序号130-136：灵命塑造 （道声、中主、校园、基督使者）
A12: 序号137-153：圣经辅导 （更新传道会、道声、美国使者、国际真爱家庭、基督使者）
... A17: 海外书单
A18: 序号 | B18: 类别 | C18: 图书封面 | D18: 图书名称 | E18: 图书简介 | F18: 页数 | G18: 书 号 | H18: 作者 | I18: 出版社 | J18: 人民币 | K18: 欧 元 | L18: 库存 | M18: 备注
A19: 1 | B19: 美国麦种 | D19: 讲道与讲道的人--麦种 | E19: 锺马田医生被公认为二十世纪最伟大的讲道者（之一），神学家巴刻（J. I. Packer）这样评论：「我从未听过这样的讲道。……带着电击的力量。」透过当年的录音、经过编辑出版的讲道集、以及各种语言的翻译，他的影响力今日较之当年有过之而无不及，令许多无法亲自在场感受其冲击力的人得以稍稍领受他那忠于圣经、带着圣灵恩膏的信息。在伦敦威斯敏斯特教堂事奉三十年，于1968年因病提早退休，经过一场大手术之后，锺马田次年受邀横渡大西洋，在费城威斯敏斯特神学院（Westminster Theological Seminary）主讲一系列有关讲道的讲座，此书即基于该讲座记录编辑而成。「医生」积累四十余年讲道与牧养事奉的经验、广泛阅读，加上医学素养，其信息在四十多年后仍如暮鼓晨钟，甚至比当年更加切合时宜。你不会同意医生所说的一切，但他必定会挑战你思考讲道和讲道的人这个主题。 | F19: 368 | G19: 9781939251190 | H19: 钟马田 D. Martyn Lloyd-Jones | I19: 美国麦种 | J19: 119.6 | K19: 13.0312 | L19: 0
A20: 2 | B20: 美国麦种 | D20: 耶稣所传的福音--麦种 | E20: 在本书，麦卡瑟讨论的不是一个或数个信仰外在的问题，而是所有问题的核心－那就是，成为一个基督徒是什么意思？他的回答正触及现代基督教福音派最大的弱点，最可悲的错误。今天流行的福音赐给罪人一种虚假的盼望，主张一个人可成为基督徒，却不必成为跟随主耶稣基督的人。它把福音的内容减低到基督为罪人而死的事实，要求罪人以简单的脑同意此事实，然后保证他们有永生的证据，就算他们没有重生都没关系。这是因为现代及后现代的福音运动都只对准一个目标，就是人吏福音听起来尽可能地简单且吸引人。从牧养的角度来说，这种福音只能产生出清教徒所说的福音伪君子。 麦卡瑟以诚实和深入的态度来审视耶稣的福音和他传道的方法，提供简明.清楚.直接.果断又合乎圣经的答案，来回应一些极端需要面对和解决的问题。本书是为那些在教会听道的男女老幼而写的，因为一般信徒也必须清楚明了这福音，而不只是神学生或牧师们。 | F20: 446 | G20: 9781932184433 | H20: 约翰˙麦卡瑟（John MacArthur） | I20: 美国麦种 | J20: 127 | K20: 15 | L20: 2
A21: 3 | B21: 美国麦种 | D21: 建立高EQ的教会--麦种 | E21: 本书以切身且热情洋溢的风格写成，为你指出情感健康教会的六个原则： 1. 察看表层底下的问题 2. 破除往事的影响力 3. 活在破碎和无能里面 4. 接受「有限」这个礼物 5. 接受悲痛与损失 6. 体现好好爱人的典范 书中充满感人的真实故事，以及切实可行的原则、讨论问题，帮助你评估自己的灵命与情感健康，建立高EQ而且灵命成熟的教会。 | F21: 336 | G21: 9781932184074 | H21: 彼得．史卡吉罗 | I21: 美国麦种 | J21: 105.3 | K21: 11.4731 | L21: 0
A22: 4 | B22: 美国麦种 | D22: 没有基督的基督教--麦种 | E22: 何顿认为，尽管我们还没有到达没有基督的基督教之境地，但我们已在前往的途中。虽然我们打着基督的名号，但太多时候却把基督和以基督为中心的福音束之高阁。其结果造成信息和信仰成了「微不足道、情绪化、一味的肯定、无关痛痒」。这种另类「福音」传达的信息是道德主义，个人的舒适，自助，自我完善，和个人主义的宗教。它轻视神，让衪成为达到我们自私目的之手段。何顿熟练地诊断问题，并指出了解决办法：回归救恩的纯正福音。对于任何一位关心基督教和美国教会——其实是普世教会——的现状以及未来的人，这本书都不可不读。 | F22: 354 | G22: 9781939251282 | H22: 迈克尔·霍顿 | I22: 美国麦种 | J22: 110 | K22: 13 | L22: 0
A23: 5 | B23: 美国麦种 | D23: 圣经教牧学(简)--麦种New | E23: 本书的目标是要鼓励并教导这一代与下一代的牧师、宣教士、和教师，帮助他们按照神的话所要求的去牧养并领导教会。本书以一种高度浓缩的形式提供了教牧神学课程大部分的内容，目标是装备人才牧养教会、在宣教工场承担教牧领导的职分、以及能尽到学院中的教导职责。 | F23: 316 | G23: 9781939251589 | H23: 约翰˙麦卡瑟（John MacArthur） | I23: 美国麦种 | J23: 208 | K23: 22.6629 | L23: 0
A24: 6 | B24: 美国麦种 | D24: 治死信徒身上的罪--麦种New | E24: 我认为，在关于个人圣洁这方面的著述中，约翰‧欧文的《信徒内住的罪》和《治死信徒身上的罪》乃是最为有益的。__毕哲思(Jerry Bridges)导航会前任副总裁，着有《恩典作王》等。 | F24: 204 | G24: 9781939251541 | H24: 约翰˙欧文（John Owen） | I24: 美国麦种 | J24: 85 | K24: 10 | L24: 0
A25: 7 | B25: 美国麦种 | D25: 保罗神学: 圣灵论--麦种 圣经神学 | E25: 本书对保罗文集中论及圣灵的所有经文进行了新颖独到的分析。通过对词汇、历史和文法方面的综合研究，费依逐节解释了保罗著作中的圣灵经文。接着，他探讨了圣灵在保罗神学—— 包括末世的应 验、三一神的 位 格、个人的得救及信 仰团体的 生活——中所扮演的角色。 这部精湛的作品填补了一项重要的空白。本书表明，”在保罗的基督徒经历里，圣灵扮演了至关重要的角色，所以，在他对福音的认识里也是如此。”费依首先为保罗书信中凡提到神的灵、圣灵和人的灵的经文提供了负责任的解经，然后进行神学综合。 本书涉及保罗书信的 160 多段经文，为牧师讲道提供了充满活力的资源。 | F25: 1228 | G25: 9781939251664 | H25: 戈登˙费依（Gordon D. Fee） | I25: 美国麦种 | J25: 446 | K25: 53.8244 | L25: 1
A26: 8 | B26: 美国麦种 | D26: 使徒行传--麦种圣经注释 | E26: 继路加福音那部详尽优美的注释大作后，博克这本期待已久的续集——760页的使徒行传注释——终于完成了。 清楚、引人入胜的写法，让大多数人都可以掌握，却没有牺牲与学术讨论的互动；博克审慎分析使徒行传庞大的文献数据，一路以优雅及技巧融入自己的见解。 这本注释书在未来许多年都将成为我们很好的帮助。 博克回来了，正处于登峰造极之时。 ——韦瑟林顿（Ben Witherington），阿斯伯里神学院（Asbury Theological Seminary）新约教授，圣安德鲁斯大学（St. Andrews University）博士班导师。 | F26: 1152 | G26: 9781939251701 | H26: 博克（Darrell L. Bock） | I26: 美国麦种 | J26: 396 | K26: 47.3088 | L26: 2
A27: 9 | B27: 美国麦种 | D27: 马歇尔新约神学 | E27: 《马歇尔新约神学》──许多见证人，一个福音「新约神学基本上就是宣教的神学。」这本久所企盼的新约神学，是作者浸淫新约研究领域数十年的集大成，显露出作者对新约文献的娴熟、清晰的思路、流畅的表达，不时透过现代人熟悉的比喻，将新约真理做出浅显易懂的介绍。现代的趋势强调新约圣经各书卷之间的差异性是无法调和的，但本书并未屈从于这样的趋势，反而主张确实可能存在综合的新约神学。从福音书与使徒行传开始，继之以保罗的每一卷书信，然后焦点转向约翰著作，最后查考希伯来书和其他的一般书信，马歇尔不断停下来比较各组书卷之间的异同，评估各种的观点。从而逐渐建立起综合性的新约神学，归纳出整本新约圣经的中心论题。在这个研究的过程中，作者清楚地凸显出新约书卷个别的见证。每一卷书，作者都逐段而精简扼要地介绍重点，然后是该卷书主要的中心论题，以及这个论题是如何铺陈的。因此，这本书也可以作为新约圣经的导论，是个人研经不可多得的工具书。英文版问世以来，已经迅速成为神学院与教会成人主日学 标准的教科书，适用于新约导论、新约神学、与新约信息等课程。 | F27: 728 | G27: 9781932184129 | H27: 马歇尔 | I27: 美国麦种 | J27: 278 | K27: 33 | L27: 5
A28: 10 | B28: 美国麦种 | D28: 罗马书注释(上)--麦种 | E28: 作者根据希腊文重新翻译罗马书经文，聚焦于神学意义与当代应用，为保罗这卷最具影响力的书信提供了非常出色而详细的分析、解释，呈现细致的学术涵养与实行的关注，对于精细的神学议题有敏锐感，也熟悉罗马书的诠释历史。获 www.bestcommentaries.com 评分98.8，远远超过第二名10分以上。 | F28: 838 | G28: 9781932184556 | H28: 穆尔 (Douglas J. Moo) | I28: 美国麦种 | J28: 322.4 | K28: 35.1275 | L28: 0
A29: 11 | B29: 美国麦种 | D29: 罗马书注释(下)--麦种 | E29: 作者根据希腊文重新翻译罗马书经文，聚焦于神学意义与当代应用，为保罗这卷最具影响力的书信提供了非常出色而详细的分析、解释，呈现细致的学术涵养与实行的关注，对于精细的神学议题有敏锐感，也熟悉罗马书的诠释历史。获 www.bestcommentaries.com 评分98.8，远远超过第二名10分以上。 | F29: 646 | G29: 9781932184563 | H29: 穆尔 (Douglas J. Moo) | I29: 美国麦种 | J29: 228 | K29: 27 | L29: 0
A30: 12 | B30: 美国麦种 | D30: 诗篇注释(上册)--麦种(调价 | E30: 「如果一位牧师或平信徒只想拥有一本诗篇注释，那就是这一本了！」——朗文（Tremper Longman III，《21世纪旧约导论》作者之一，另着有《心灵的回响——诗篇的信息与研读方法》本卷原著属于Expositor’s Bible Commentary之修订版，出版于2008年，主要增订在于连接每篇诗篇与前后诗篇之间的关系，让诗篇不再是各自零星独立，而能连贯起来，看出一脉相承的题旨。是这卷最受历代圣徒喜爱之书卷不可或缺的辅助读物。 | F30: 1800 | G30: 9781932184440 | H30: 范甘麦伦（Willem A. VanGemeren） | I30: 美国麦种 | J30: 295 | K30: 35.2691 | L30: 1
... A84: 66 | B84: 圣经 | D84: 圣经姊妹版--和合本简体(红皮拉链) | E84: 100%原创，作者背景跨越北美、台湾、新加坡、香港各地区。 信息超过一千二百篇，帮助姊妹应用于最贴身的七个生活范畴（属灵生命、个人成长、工作、婚姻、单身生活，人际关系、家庭．亲子）。 原创祷文、隽语，帮助姊妹消化经文。 66篇与女性生活接轨的书卷序言 。 从超过四十个古代《她的故事》寻找一个现代你、我、她。 三百多个智慧五味架，为读经旅程调上味道和色彩。 超过二十页的范畴索引、超过二十个图表、多层次阅读指引⋯⋯ | F84: 2232 | G84: 9789888286225 | H84: 多人 | I84: 汉语圣经协会 | J84: 348.4 | K84: 37.9603 | L84: 0
A85: 67 | B85: 圣经 | D85: 简明圣经--简体版 (增订版) | E85: 《简明圣经》依照语言学的原理翻译，并把其中所叙述的事情、所描写的情节、所教导的真理、以及所使用的语气和节奏，参照中国人的文化背景、思维方式，及语言习惯，以《新国际版圣经》为基础，和其他所有中、英文圣经对照，加以修改，力求正确并用简单、容易明白的中文表达。 | F85: 1042页 | G85: 9789866205798 | H85: 摩西等 | I85: 台湾道声 | J85: 80 | K85: 10 | L85: 77
A86: 68 | B86: 圣经 | D86: 圣经--樱花图案 | E86: 圣经中译里程碑《圣经和合本》问世百周年 ★ 造型轻巧，携带方便。 ★ 皮面压纹烫金，时尚品味、送礼自用两相宜。 ★ 华人教会普遍使用之中文和合本，适当代人阅读。 和合本圣经于1919年问世后，一直为众教会所使用，但随着时代的转变，众信徒对圣经要求的提升；如文字编排上的改进、编辑与成品的美观、携带与阅读的方便、供应上的畅答，可说是势在必行的一种改变。 五大特色： ‧ 皮面素材，兼具质感与实用性。 ‧ 缤纷花卉，读经灵修赏心悦目。 ‧ 烫金文字，凸显文艺典雅气息。 ‧ 边缘圆角，翻阅收纳轻巧便利。 ‧ 书边彩印，别出心裁创意设计。 | F86: 383 | G86: 9789865801939 | H86: 摩西等 | I86: 橄榄华宣 | J86: 236 | K86: 28 | L86: 18
A87: 69 | B87: 圣经 | D87: 圣经和合本-神版红字 (盒包装) | E87: 教会公用型圣经本款特色： 1.特色红字：耶稣所讲话语皆以红色标示。 2.使用普及：此款为教会中最常使用，阅读轻松不费力。 | F87: 383 | G87: 9789865801922 | H87: 摩西等 | I87: 橄榄华宣 | J87: 362 | K87: 43 | L87: 61
A88: 70 | B88: 圣经 | D88: 圣经(和合本) | E88: 和合本新旧约全书－－黑色面 (简) 分段标题，附地图及参考数据表。 | F88: 274 | G88: 0000000038 | H88: 多人 | I88: 基督使者 | J88: 195 | K88: 21.2465 | L88: 0
A89: 71 | B89: 圣经 | D89: 圣经 心灵关怀 新译本 | E89: 始自华人教会翘楚的异象 三十多年前，一群华人圣经学者有感为了福音的好处，以现代中文重译圣经，实 在刻不容缓。吴明节牧师.戴绍曾牧师.滕近辉牧师及鲍会园牧师等人，带着先知 的洞见，在1972年成立中文圣新译会(新译会)，即环球圣经公会的前身，奋起承 担圣经翻译的圣工。 .集合华人圣经学者的努力 自新译会成立，超过百位知名华人教牧学者参与翻译，花了二十年时间译成圣经 新译本。十多年来，环圣不断广邀世界各地华人圣经学者参与修订工作，务求圣 经译忠于原文，与时并进，精益求精。 .广纳华人信徒各方的意见 自<圣经新译本>出版至今，环圣广纳和信徒的意见，不断修订或会引致神学误 会，思想欠清晰的翻译。时至今日，圣经新译本已成为成熟的中文圣经译本。为 了配合不同群体的需要，环圣推出多款中英圣经和主题圣经。 .已成华人信徒公用的圣经 秉承信仰传统，易读易懂的圣经新译本广为港台新马.英美纽澳.中日欧洲等地华 人信徒接受，成为教会公用或参考的圣经。 | F89: 1917 | G89: 9789888018819 | H89: 多位 | I89: 环球圣经公会 | J89: 331.5 | K89: 36.119 | L89: 0
A90: 72 | B90: 圣经 | D90: 圣经新译本 ESV 中英对照 （黑硬） | E90: 圣经新译本 | ESV Text Edition 2016 读经悟人生•‧‧行道传主恩 2016年出版的ESV秉承圣经直译的传统，并加以改进，舍弃絶对直译，而采用直译为本的原则，在翻译时考虑原文和译文在语言学上的差异，使译文更贴近现代的用语。 《圣经新译本》同样讲究忠于原文，尽量在合乎中文文法的规范下，保留原作者的风格文采。英文语法与原文较接近，复合句层次较强；中文语法则较精炼简洁，连接词不多；两种语文并排，对表达经文原意可谓相得益彰。 本对照圣经最适合要求对原文每个字词都有精准翻译的读者。 特色 ◆ 中英文译文流畅，易读易懂。 ◆ 内文用经段并排方式，分段标题清晰，有助掌握经文梗概。 ◆ 平行经文指示相同事件或类似事件的出处，方便互相参照，增进了解。 ◆ 附ESV注解，加深对经文的了解，包括异文评注、原文译注等。 ◆ 书末附从始祖时期至早期教会的圣经历史年代表和圣经地图。 ◆ 附彩色赠送页，让你写下心底赠词。 | F90: 2080 | G90: 9789888124480 | H90: 多位 | I90: 环球圣经公会 | J90: 337 | K90: 40 | L90: 16
A91: 73 | B91: 圣经 | D91: 圣经新译本ESV 中英对照 （彩色包装） | E91: 大小：145 x 200mm 2011年出版的ESV秉承圣经直译的传统，并加以改进，舍弃絶对直译，而采用直译为本的原则，在翻译时考虑原文和译文在语言学上的差异，使译文更贴近现代的用语。《圣经新译本》同样讲究忠于原文，尽量在合乎中文文法的规范下，保留原作者的风格文采。英文语法与原文较接近，复合句层次较强；中文语法则较精炼简洁，连接词不多；两种语文并排，对表达经文原意可谓相得益彰。本对照圣经最适合要求对原文每个字词都有精准翻译的读者。 特色： * 中英文译文流畅，易读易懂。 * 内文用经段并排方式，分段标题清晰，有助掌握经文梗概。 * 平行经文指示相同事件或类似事件的出处，方便互相参照，增进了解。 * 附ESV注解，加深对经文的了解，包括异文评注、原文译注等。 *书末附从始祖时期至早期教会的圣经历史年代表和圣经地图。 * 附彩色赠送页，让你写下心底赠 | F91: 2080 | G91: 9789888124497 | H91: 多位 | I91: 环球圣经公会 | J91: 328 | K91: 39 | L91: 14
A92: 74 | B92: 圣经 | D92: 圣经新译本 （粉色银边拉链拇指索引） | E92: 第一本集各地华人信徒的智慧和力量翻译而成的中文圣经译本，内容忠于原文，文字追上时代，辅读资料齐全，一读就懂，个人阅读或教会公用同样适宜。 特色 ◆ 三十多位华人圣经学者、教会领袖、中文学者共同努力的成果。 ◆ 由原文直接翻译而成。 ◆ 尽量贴近原文，在直译与意译之间取得合宜的平衡。 ◆ 二十多位学者与牧者撰写各类书卷总论和各书卷简介。 ◆ 附各类书卷的释经法。 ◆ 采用文学释经法剖析各书卷的内容。 ◆ 解明各书卷与旧约或新约的关系。 ◆ 为读者提供读经提示，引导他们反省并在生活中应用神的话语。 ◆ 于正文内加注，列出其他抄本有出入的地方，及提供其他可能的译法。 ◆ 根据每段经文的重点加上分段标题，使段落清晰，方便查阅及理解。 ◆ 部分分段标题后附加平行经文，显示其他相同或类似的记载，以资参考。 ◆ 书末加插新旧约词汇浅释、圣经历史年代表和地图等辅助研经资料。 | F92: 1439 | G92: 9789888124879 | H92: 多位 | I92: 环球圣经公会 | J92: 270 | K92: 32 | L92: 12
A93: 75 | B93: 圣经 | D93: 圣经新译本 （黑色金边拉链拇指索引） | E93: 第一本集各地华人信徒的智慧和力量翻译而成的中文圣经译本，内容忠于原文，文字追上时代，辅读资料齐全，一读就懂，个人阅读或教会公用同样适宜。 特色 ◆ 三十多位华人圣经学者、教会领袖、中文学者共同努力的成果。 ◆ 由原文直接翻译而成。 ◆ 尽量贴近原文，在直译与意译之间取得合宜的平衡。 ◆ 二十多位学者与牧者撰写各类书卷总论和各书卷简介。 ◆ 附各类书卷的释经法。 ◆ 采用文学释经法剖析各书卷的内容。 ◆ 解明各书卷与旧约或新约的关系。 ◆ 为读者提供读经提示，引导他们反省并在生活中应用神的话语。 ◆ 于正文内加注，列出其他抄本有出入的地方，及提供其他可能的译法。 ◆ 根据每段经文的重点加上分段标题，使段落清晰，方便查阅及理解。 ◆ 部分分段标题后附加平行经文，显示其他相同或类似的记载，以资参考。 ◆ 书末加插新旧约词汇浅释、圣经历史年代表和地图等辅助研经资料。 | F93: 1439 | G93: 9789888124862 | H93: 多位 | I93: 环球圣经公会 | J93: 270 | K93: 32 | L93: 21
A94: 76 | B94: 圣经 | D94: 圣经 新译本 黑色 （简体神字版） | E94: 第一本集各地华人信徒的智慧和力量翻译而成的中文圣经译本，内容忠于原文，文字追上时代，辅读资料齐全，一读就懂，个人阅读或教会公用同样适宜。 特色 ◆ 三十多位华人圣经学者、教会领袖、中文学者共同努力的成果。 ◆ 由原文直接翻译而成。 ◆ 尽量贴近原文，在直译与意译之间取得合宜的平衡。 ◆ 二十多位学者与牧者撰写各类书卷总论和各书卷简介。 ◆ 附各类书卷的释经法。 ◆ 采用文学释经法剖析各书卷的内容。 ◆ 解明各书卷与旧约或新约的关系。 ◆ 为读者提供读经提示，引导他们反省并在生活中应用神的话语。 ◆ 于正文内加注，列出其他抄本有出入的地方，及提供其他可能的译法。 ◆ 根据每段经文的重点加上分段标题，使段落清晰，方便查阅及理解。 ◆ 部分分段标题后附加平行经文，显示其他相同或类似的记载，以资参考。 ◆ 书末加插新旧约词汇浅释、圣经历史年代表和地图等辅助研经资料。 | F94: 1439 | G94: 9789888018956 | H94: 多位 | I94: 环球圣经公会 | J94: 202 | K94: 24 | L94: 26
A95: 77 | B95: 圣经 | D95: 圣经新译本 （前蓝色银边拉链拇指索引） | E95: 第一本集各地华人信徒的智慧和力量翻译而成的中文圣经译本，内容忠于原文，文字追上时代，辅读资料齐全，一读就懂，个人阅读或教会公用同样适宜。 特色 ◆ 三十多位华人圣经学者、教会领袖、中文学者共同努力的成果。 ◆ 由原文直接翻译而成。 ◆ 尽量贴近原文，在直译与意译之间取得合宜的平衡。 ◆ 二十多位学者与牧者撰写各类书卷总论和各书卷简介。 ◆ 附各类书卷的释经法。 ◆ 采用文学释经法剖析各书卷的内容。 ◆ 解明各书卷与旧约或新约的关系。 ◆ 为读者提供读经提示，引导他们反省并在生活中应用神的话语。 ◆ 于正文内加注，列出其他抄本有出入的地方，及提供其他可能的译法。 ◆ 根据每段经文的重点加上分段标题，使段落清晰，方便查阅及理解。 ◆ 部分分段标题后附加平行经文，显示其他相同或类似的记载，以资参考。 ◆ 书末加插新旧约词汇浅释、圣经历史年代表和地图等辅助研经资料。 | F95: 1439 | G95: 9789888124886 | H95: 多位 | I95: 环球圣经公会 | J95: 326.3 | K95: 35.5524 | L95: 24
A96: 78 | B96: 圣经 | D96: 圣经 新译本 （大蓝色皮面银边拉链） | E96: 第一本集各地华人信徒的智慧和力量翻译而成的中文圣经译本，内容忠于原文，文字追上时代，辅读资料齐全，一读就懂，个人阅读或教会公用同样适宜。 特色 ◆ 三十多位华人圣经学者、教会领袖、中文学者共同努力的成果。 ◆ 由原文直接翻译而成。 ◆ 尽量贴近原文，在直译与意译之间取得合宜的平衡。 ◆ 二十多位学者与牧者撰写各类书卷总论和各书卷简介。 ◆ 附各类书卷的释经法。 ◆ 采用文学释经法剖析各书卷的内容。 ◆ 解明各书卷与旧约或新约的关系。 ◆ 为读者提供读经提示，引导他们反省并在生活中应用神的话语。 ◆ 于正文内加注，列出其他抄本有出入的地方，及提供其他可能的译法。 ◆ 根据每段经文的重点加上分段标题，使段落清晰，方便查阅及理解。 ◆ 部分分段标题后附加平行经文，显示其他相同或类似的记载，以资参考。 ◆ 书末加插新旧约词汇浅释、圣经历史年代表和地图等辅助研经资料。 | F96: 1439 | G96: 9789888018949 | H96: 多位 | I96: 环球圣经公会 | J96: 287 | K96: 34 | L96: 2
A97: 79 | B97: 圣经 | D97: 圣经新译本中英对照 N I V （棕色金边） | E97: NIV于1978年出版，是目前最广受欢迎的英文译本，英语教会多采用。其翻译宗旨力求忠实表达原意，强调译文要通顺、简单、易读。《圣经新译本》在忠于原文的同时，采用现代中文作为翻译的媒介，行文流畅，易读易懂。喜爱一气呵成读圣经的朋友，或需要在短时间内掌握长篇经文的读者，本对照圣经自然是首选。 特色 ◆ 内文用经段并排方式，平行对照，清楚易读。 ◆ 平行经文指示相同事件或类似事件的出处，方便互相参看，增进了解。 ◆ 分段标题清晰，有助掌握经文梗概。 ◆ 书末备有圣经地图14幅。 ◆ 附彩色送赠页，让你写下心底赠词。 | F97: 2235 | G97: 9789888279609 | H97: 多位 | I97: 环球圣经公会 | J97: 425.1 | K97: 46.3173 | L97: 30
... A105: 87 | B105: 圣经 | D105: 圣经研读版---新译本 （宗教500年改革周年纪念版） | E105: 为配合宗教改革500周年纪念，纪念版特别收录了详尽丰富的宗教改革500周年回顾专文。 特色：经文注释丰富，深入浅出，连于宗教改革各信仰宣言，让读者可以通过改革神学，明白神的话语，真正做到人人自己读经解经。 ※英文版（NIV Spirit of the Reformation Study Bible）编撰者阵容鼎盛，超过五十位著名学者合力编撰而成，神学编辑有巴刻（J.I. Packer）及傅兰姆（John M. Frame）；旧约编辑有华尔基（Bruce Waltke）等。中文版特邀各地华人学者撰文，贴近时代的需要。 | F105: 2226 | G105: 9789888124237 | H105: 多位 | I105: 环球圣经公会 | J105: 438 | K105: 52 | L105: 144
A106: 88 | B106: 圣经 | D106: 中文拼音出版社 | E106: 这本圣经的中文拼音发音高于圣经的中文简体文字。圣经是中文和合本。非常适合汉语学习者和中文简体文本的新读者。边缘为金色，带有拇指索引，可以更快地找到圣经中的段落。棕色封面。尺寸：7.5 英寸 x 5.5 英寸 x 1.5 英寸 | F106: 472 | G106: 978899023337003230 | H106: Morrison Christian Literature | I106: 英国牧声出版社 | J106: #N/A | K106: #N/A | L106: #N/A
A107: 89 | B107: 圣经 | D107: 新译 和合圣经 对照（黑色皮面金边拉链） | E107: ‧怀抱旧译之古雅简练，享受新译之准确易懂。 ‧新旧译本并排出版，见证中文圣经翻译的历史。 ‧新旧译文对照，使读者对神的话语有进深一层的理解。 | F107: 1766 | G107: 9789888018192 | H107: 多位 | I107: 环球圣经公会 | J107: 278 | K107: 33.4278 | L107: 265
A108: 90 | B108: 儿童读物绘本 | D108: 我愿意跟随耶稣--中英简体 | E108: 一对育有三名孩子的父母夫妇，投放毕生的心血，以简洁优美的方式，衷心希望帮助孩子看见耶稣那慈爱接纳的笑容，并带领他们和耶稣建立亲密的个人关系： 信靠祂、爱祂、把整颗心献给祂，以及像祂一样生活。 | F108: 208 | G108: 9789888469215 | H108: 犹大·史密夫 | I108: 国际汉语圣经出版社 | J108: 231.4 | K108: 25.2125 | L108: 0
A109: 91 | B109: 儿童读物绘本 | D109: 磁铁游戏册--耶稣出生的故事 | E109: 设计出独特且互动的圣诞故事场景吧！ 利用特别的磁性书页及随书附送的一套人物和动物磁贴，读者可能享受一段段阅读圣经故事的欢乐时光！ | F109: 10 | G109: 9789888286553 | H109: Tim Dowley | I109: 汉语圣经协会 | J109: 117 | K109: 12.7479 | L109: 10
A110: 92 | B110: 儿童读物绘本 | D110: 磁铁游戏册--我的圣经故事 | E110: 这是一本独特且互动的圣经故事书，。让孩子可以为以下深受欢迎的圣经故事书，设计出具个人特色的场景： 过红海 但以理和饿狮子 约拿和大鱼 迷失的羊 穿过屋顶的男人 彼得尝试在水面上行走 利用特别的磁性书页：及随书附送的一套人物和动物磁贴，读者可以享受一段段阅读圣经故事的欢乐时光！ | F110: 10 | G110: 9789888286577 | H110: Tim Dowley | I110: 汉语圣经协会 | J110: 117 | K110: 12.7479 | L110: 8
A111: 93 | B111: 儿童读物绘本 | D111: 孩子的生命疑问--繁体 | E111: 为甚么人会生病和死亡？ 为甚么世上会有战争？ 朋友和家庭真的能给予支持吗？ 本书藉着圣经故事，带出不同的生命主题。这些主题都是孩子常遇的烦恼，时常牵动孩子的。 两位作者苏珊娜．雅施和克里斯蒂娜．施努尔利提出了不少反思问题和建议，以啓发孩子思考，并重塑自己的生活体验。本书插图由马蒂厄斯．韦伯绘画。 | F111: 119 | G111: 9789888469697 | H111: 苏珊娜·雅施、克里斯蒂娜·施努尔利 | I111: 汉语圣经协会 | J111: 242 | K111: 29.0368 | L111: 25
A112: 94 | B112: 儿童读物绘本 | D112: 迷你弹跳书: 智者的故事(中英) | E112: 「让圣经故事从书中弹出来！这本小书选录了有关智者寻找新生王耶稣故事中六个生动活泼的场景－－从「一颗明亮的星」到「极好的礼物」，采用迷你立体场景设计，只要翻开小书，圣经场景随即「弹」入眼帘，让孩子亲历圣经故事中的大小场景。《迷你弹跳书》系列，中英对照，文字精简，图画活泼可爱，弹出页页精彩故事！」 | F112: 10 | G112: 9789888469062 | H112: Karen Williamson | I112: 汉语圣经协会 | J112: 91 | K112: 9.915 | L112: 54
A113: 95 | B113: 儿童读物绘本 | D113: 迷你弹跳书: 圣诞节的故事 (中英) | E113: 「让圣经故事从书中弹出来！这本小书选录了有关圣诞节故事中五个生动活泼的场景－－从「天使的探访」到「惊讶的牧羊人」，采用迷你立体场景设计，只要翻开小书，圣经场景随即「弹」入眼帘，让孩子亲历圣经故事中的大小场景。《迷你弹跳书》系列，中英对照，文字精简，图画活泼可爱，弹出页页精彩故事！」 | F113: 10 | G113: 9789888469048 | H113: Karen Williamson | I113: 汉语圣经协会 | J113: 91 | K113: 9.915 | L113: 51
A114: 96 | B114: 儿童读物绘本 | D114: 迷你弹跳书: 迷失的羊其他故事(中英) | E114: 用手一翻，就弹出迷失的羊和其他故事等栩栩如生的场景⋯⋯《迷你弹跳书》的设计轻巧精致，当中记载了六个圣经故事。书中少不了鲜艷丰富的图画，而最吸引人目光的是一幕幕细致精美的立体场景，让圣经故事瞬间「弹」出，活现眼前，必定叫小孩子留下深刻印象！立体场景设计亦方便教学时作展示，是幼童认识圣经的良好读物（适合三岁或以上儿童）。 《迷你弹跳书》，弹出页页精彩故事！ | F114: 12 | G114: 9789888286799 | H114: Karen Williamson | I114: 汉语圣经协会 | J114: 91 | K114: 9.915 | L114: 26
A115: 97 | B115: 儿童读物绘本 | D115: 迷你弹跳书: 挪亚和其他故事 (中英) | E115: 用手一翻，就弹出挪亚和其他故事等栩栩如生的场景⋯⋯《迷你弹跳书》的设计轻巧精致，当中记载了六个圣经故事。书中少不了鲜艷丰富的图画，而最吸引人目光的是一幕幕细致精美的立体场景，让圣经故事瞬间「弹」出，活现眼前，必定叫小孩子留下深刻印象！立体场景设计亦方便教学时作展示，是幼童认识圣经的良好读物（适合三岁或以上儿童）。 《迷你弹跳书》，弹出页页精彩故事！ | F115: 12 | G115: 9789888286782 | H115: Karen Williamson | I115: 汉语圣经协会 | J115: 91 | K115: 9.915 | L115: 23
A116: 98 | B116: 福音文学 | D116: 天路历程-21世纪最新中文简明注释版 | E116: 全书共分两部： 第一部描写一位弟兄从圣经中得到启示，认罪悔改，逃离「毁灭之城」，接受十字架的救恩而成为「基督徒」。他奔走天路，历尽千难万险，最终到达美妙天城。 第二部是续篇，描述「基督徒」的妻子决志信主后，带着孩子走出毁灭城，走上天路，战胜各种诱惑与危险，培育出敬虔后裔，建立起基督化家庭，使美好的信仰得以传承。 三百多年来，该书为无数读者带来莫大的属灵帮助。 作者约翰‧班扬擅用寓意，借着主人公天路客的旅程，描绘基督徒一生都会遇到的属灵挑战。 | F116: 448 | G116: 9781634200684 | H116: 约翰班扬 | I116: 美国使者 | J116: 84 | K116: 10 | L116: 103
A117: 99 | B117: 婚恋家庭亲子 | D117: 一家之主-基督教家庭生活教育指南 | E117: 家庭生活教育的范围比谘商工作更广泛，也比危机处理更有价值，而本书着重于如何在问题演变成全面性的危机之前，提早预防问题的发生。当你在反思教会应当如何塑造家庭生活时，这本书可以成为你的指引和启发。 全书内容分为四大部分： ．家庭生活教育的基础 ．家庭角色与关系教育 ．教会中的家庭生活教育事工 ．家庭生活教育与社会的关系 | F117: 376 | G117: 9789864002818 | H117: 凯尼斯•刚果，詹姆士•威尔霍特 | I117: 香港道声 | J117: 141.7 | K117: 15.4391 | L117: 0
A118: 100 | B118: 婚恋家庭亲子 | D118: 真爱传家宝 | E118: 作者与夫婿刘传章牧师，谈如何以真爱教养子女及经营温馨和乐 家庭之道，每章并附小组分享题目，极为实用。 | F118: 231 | G118: 9780971547537 | H118: 刘传章 | I118: 基督使者 | J118: 97.5 | K118: 10.6232 | L118: 0
... A203: 185 | B203: 信仰栽培 | D203: 三过幽谷 | E203: 灾祸来袭！怎能承担？如何应付？从本书中，我们看到作者有一种超凡的反应。不论你面临的是怎么样的困境，透过本书作者的经历，必能带给您意想不到的启发和希望。 | F203: 126 | G203: 9781882324279 | H203: 施芬德，耳德华 | I203: 基督使者 | J203: 24 | K203: 3 | L203: 79
A204: 186 | B204: 信仰栽培 | D204: The Voyage that shook the world（DVD) | F204: 0 | G204: 9780949906854 | H204: 无 | I204: 基督使者 | J204: 97.5 | K204: 10.6232 | L204: 0
A205: 187 | B205: 信仰栽培 | D205: 什一纳献 | E205: 我们愿否遵守十一奉献而得神的喜悦呢﹖神要赐福给我们，但祂找不到机会，只因我们对祂的心不是敝开的。主耶稣说：“你的财宝在那里，你的心也在那里。”（太六：21）十一奉献是蒙福的责任，神是信实的，祂必看顾祂的儿女。245 Pages 的生活、家庭及工作上;你若要从这本书得到最多的收获，那就去身体力行!」 | F205: 245 | G205: 9781882324767 | H205: 涌流 | I205: 美国使者 | J205: 64 | K205: 8 | L205: 6
A206: 188 | B206: 信仰栽培 | D206: 在基督里长进 | E206: 所讨论的课题很广泛，从为什么要信耶稣到遵行神的旨意、事奉神和作见证等，是一本对慕道友信徒都很有帮助的书。 | F206: 564 | G206: 9781882324903 | H206: 王国显 | I206: 美国使者 | J206: 29.25 | K206: 3.187 | L206: 44
A207: 189 | B207: 信仰栽培 | D207: 跟着圣经去挖宝 | E207: 在「圣经」这座宝藏中，你挖到多少宝？抑或入宝山却空手而回？如何才能在圣经中挖到宝？态度很重要！ 本书作者任教神学院二十多年，即将退休之际，深感基督徒常是入「圣经宝山」却空手而回，因此他效法圣经作者——往往在人生晚年，尽心竭力地将属灵宝藏传诸后世。他将自己多年自圣经中挖宝心得汇集成这本《跟着圣经去挖宝》，盼望每一位基督徒都能成为在圣经中挖宝的人，不断地在上帝的话语中挖到人生宝藏。 你在圣经中挖到宝了吗？跟着圣经挖宝领队吴献章教授，必定让你入宝山满载而归！ | F207: 256 | G207: 9789577276001 | H207: 吴献章 | I207: 宇宙光 | J207: 88 | K207: 11 | L207: 13
A208: 190 | B208: 研经神学注释 | D208: 上帝圣约与国度 | E208: 自古以来，基督教的发展就无法避免与世界顶尖文化的冲突。各种文明常常成为人类自义的精神堡垒，对此本书作者王志勇牧师指出，从创世之初，上帝即赐给我们治理全地的文化使命，也就是文明使命，所以基督徒必须捍卫、建立基督教文明，否则就会被各种异教文化、甚至赤裸裸的野蛮和暴力吞噬。 作者深信，圣经既然是全能上帝的启示，我们就必可从其中获得建造人类社会的智慧。因此本书把基督教神学、世界观和文明论结合在一起，从人的认知心、宗教心、道德心、政治心出发，全面建构教义、密契、道德和德修神学，提出了「仁教心学、法治德政」的基督教文明神学纲领，试图用圣经真理与正统神学贯通基督徒个人信仰的私生活与国家政治法律的公共生活。他用中国文化的字眼和传统来承载和宣示真道，是对现实中国的政治、法律与文化处境做出回应，以期促进中国文明的转型和重建。 本书是作者研究圣经真理二十年的集大成之作，他协助读者察觉上帝不仅对个人，也对社会文明所启示的美善、纯全、可喜悦的旨意，全方位地更新我们对自身和世界的看法。本书把圣约与国度两大框架联系在一起，成为一个整全的蓝图，建构敬畏上帝、守约守法的国度文明，是一部富有时代意义及独特创见之作。 「今见到王志勇牧师写成这本呕心沥血的大作，真是为他深深感谢上帝，这是自奥古斯丁以降，除马丁．路德及约翰．加尔文直到近世纪来，很少华人教会领袖所看到的要任。盼望这本书可以引发更多基督教的领袖钻研基督教护教学中对文明的认识与批判，把人的心意夺回。」 ——唐崇荣牧师 | F208: 880 | G208: 9789575568603 | H208: 王志勇 | I208: 橄榄华宣 | J208: 422.5 | K208: 46.034 | L208: 10
A209: 191 | B209: 研经神学注释 | D209: 系统神学 (简体版) Wayne Grudem | E209: 「系统神学乃是对于任何一个话题，回应整本圣经今日对此话题的教训之研究。」 本书的英文版印行已逾300,000册，广受欢迎，其独特之处在于： 1. 注重提供教义的圣经基础：说明每条教义的经文根据，并在章首列出背诵经文。 2. 注重解释教义时的清晰度：力求清楚易明，尽量减少使用术语。 3. 注重与当代的连结：讨论现今教会关切的议题。 4. 注重生活上的应用：神学是生活、敬拜与赞美，每章均附诗歌及思考与应用问题，落实教义。 5. 注重帮助读者理解：文笔亲切易读，理性、感性与灵性并重。 6. 注重福音派的信仰：立足福音派，同时提供七大传统书目，导引更深入的研究。 | F209: 1344 | G209: 9781565822283 | H209: 古德恩 | I209: 更新传道会 | J209: 659.1 | K209: 71.813 | L209: 0
A210: 192 | B210: 研经神学注释 | D210: 神学入门 | E210: 作者史鲍尔用很清楚平易近人的笔法，介绍了近一百种重要的神学观念。他善用日常生活为例，用平实的类比和例证使本书变得益加有趣、易读，帮助读者了解最基本的基督教信仰，培养出我们将来一生对真理的热爱。 | F210: 304 | G210: 9781565821743 | H210: 史鲍尔 | I210: 更新传道会 | J210: 123.5 | K210: 13.4561 | L210: 0
A211: 193 | B211: 研经神学注释 | D211: 实用解经讲道 | E211: 这是一本有内容又实用的书。讲道如同酿蜜，需采足花粉，多读书，才有内容。作者教授讲道法十五年之久，书中不仅教导如何讲道，且步骤性地引导读者由解经过程来架构讲章，亦强调讲道不是宣传其他的信息，这是对今日教会适切的提醒。本书中亦不忽略讲道技巧，以相当篇幅谈修辞、表达等，并讨论如何展现出优美的讲台风格，是讲台事奉者不可或缺的秘籍。 | F211: 224 | G211: 9789579337427 | H211: 罗宾森 | I211: 华神出版社 | J211: 56 | K211: 8 | L211: 9
A212: 194 | B212: 研经神学注释 | D212: 旧约历史书导论 | E212: 旧约历史书深具吸引力，它囊括了许多耳熟能详的人物和欢愉感人的故事，但也记载了一些令人困惑不解的奇异事迹。书中充满了神对祂子民和世人的启示、慈爱、和旨意，同时也将神的荣耀、祂圣洁的彰显，表露无遗。研读历史书时，我们会发现神在其间也对我们启示，并帮助我们在今世过合祂旨意的生活。 本书阐明圣经旧约历史书中每卷书的内容和信息，并导引读者学习如何研读旧约历史书。作者提醒我们读叙事时，不要只注意枝末细节，或个别人物的兴衰，而忽略了神整体的救赎大计划。 本书有关史实、批判和神学方面的论述，能满足对旧约历史书己颇有涉猎之读者的需求。而对有心进深研究的读者，本书各章的附注和参考书目则提供了许多过去及近代著作的信息。 | F212: 576 | G212: 9789579337793 | H212: 吴献章 | I212: 华神出版社 | J212: 152 | K212: 18.272 | L212: 11
A213: 195 | B213: 研经神学注释 | D213: 旧约先知书导论 | E213: 本书是当前以福音派立场著述的最新先知书导论著作。其内容分为二部分：『先知体系』及『先知书导论』。前者包括：先知体系的起源与发展、先知的功能、意识、启示与灵感、真假先知、预言的语法、弥赛亚预言、旧约预言的终止与新约的预言。后者则详论先知书各卷特性、校订著作年代、说明历史背景、评论先知其人、探讨该卷难题，并以大纲作结束，为研读旧约先知书不可或缺的教科书。 | F213: 405 | G213: 9789579337250 | H213: 傅理曼 | I213: 华神出版社 | J213: 202.8 | K213: 22.0963 | L213: 0
A214: 196 | B214: 研经神学注释 | D214: 赖氏 新约神学 | E214: 这是一本全备又具学术价值的新约神学作品，也是美国神学界七十年来所采用作为神学院教科书的第一本美国人著作。作者从救恩历史的角度，以保守福音派的观点，探讨神在基督里所完成的救赎大工，堪称福音派新约神学的代表作。 | F214: 832 | G214: 9789570471014 | H214: 赖德着 | I214: 华神出版社 | J214: 313.3 | K214: 34.136 | L214: 1
A215: 197 | B215: 研经神学注释 | D215: 使徒行传与保罗书信要领 | E215: 本书分为两大部分。首部分是使徒行传的导论，介绍该书的作者、写作目的、结构等课题和一些阅读须知，并将内容扼要解说，及综合论述几个中心主题，使读者更能掌握全书的脉络和神学信息。第二部分则介保罗的13封书信。先对保罗书信作整体介绍，再配合使徒行传所提供的历史背景，按书信的成书时序和独特处境来阐述它们的内容和主题，并就这些主题带出它们的现代信息。 | F215: 236 | G215: 9789624572452 | H215: 张达民、黄锡木 | I215: 基道 | J215: 96.2 | K215: 10.4816 | L215: 1
A216: 198 | B216: 研经神学注释 | D216: 希伯来书---大公书信与启示录要领 | E216: 本书特意将新约书卷从希伯来书至启示录，分为希伯来书、大公书信及启示录这三部分来探讨。作者先略述各部分书卷，然后提纲挈领地论述与书卷有关的写作背景、目的、特色等等，接着便精简地描述书卷的内容。另外，作者将启示录列入为此书一并论述，因为启示录虽属天启文体类，但由于全书结合了书信和天启文体的表达技巧，整体看仍可归为书信类。此外，作者没有将希伯来书列入大公书信部分，因为这卷书虽然在风格上近似大公书信，但内容却与保罗书信的传统有所连系，故独立谈论此书，而不将之归类为大公书信。 | F216: 160 | G216: 9789624573961 | H216: 张略、黄锡木 | I216: 基道 | J216: 100.1 | K216: 10.9065 | L216: 4
... A234: 216 | B234: 研经神学注释 | D234: 历代志上---(卷二) 繁体 | E234: 本书「大卫篇」（代上十1～二十九30）有不少经文跟撒母耳记下的情节相若，但比较之下，历代志编史者与撒母耳记下的作者的取向明显不同。最明显的莫过于大卫犯奸罪及借刀杀人一事，历代志却只字不提。读者不禁要问：「编史者隐恶扬善的目的是甚么？究竟历代志编史者关注甚么？他期望「时叙读者」（被掳归回时期）与「文本读者」（现今的读者）从人领悟甚么？ | F234: 530 | G234: 9789622087644 | H234: 区应毓 | I234: 香港天道书楼 | J234: 205.4 | K234: 22.3796 | L234: 1
A235: 217 | B235: 研经神学注释 | C235: d | D235: 马可福音注释 (卷上) 繁体版 | E235: 1.解经 （exegesis）与释经（exposition）并重。一方面详细研究原文词、时代背景及有关资料，另一方面也对经文各节作仔细分析。2. 全由华人学者撰写，不论用词或思想方法都较翻译作品易于了解。 3. 不同学者有不同的学养和专长，其著述可给读者多方面的启发和参考。4. 重要的圣经原文尽量列出或加上英文音译，然后在内文或脚注详细讲解，使不懂原文者亦可深入研究圣经。 | F235: 552 | G235: 9789622088825 | H235: 叶雅莲 | I235: 香港天道书楼 | J235: 217.1 | K235: 23.6544 | L235: 1
A236: 218 | B236: 研经神学注释 | D236: 罗马书注释 (卷上) 繁体版 | E236: 「天道圣经注释丛书」具有以下特点：(1)解经 (exegesis)与释经(exposition)并重。一方面详细研究原文字词、时代背景及有关资料，另一方面也对经文各节作仔细分析。(2)全由华人学者撰写，不论用词或思想方法都较翻译作品易于了解。(3)不同学者有不同的学养和专长，其著述可给读者多方面的启发和参考。(4)重要的圣经原文尽量列出或加上英文音译，然后在内文或脚注详细讲解，使不懂原文者亦可深入研究圣经。 | F236: 294 | G236: 9789622082083 | H236: 鲍会园 | I236: 香港天道书楼 | J236: 123.5 | K236: 13.4561 | L236: 2
A237: 219 | B237: 研经神学注释 | D237: 约翰壹贰叁书注释 (卷上) 繁体版 | E237: 董桥先生在他的一篇文章曾这样说：「文学教你怎样说『我爱你』；政治教你怎样解释『我爱你』；历史则教你从别人对另一个别人说的『我爱你』之中学会甚么时候不说『我爱你』。」那么，圣经又怎样讲解「爱」呢？ 原文「爱」字的动词在新约出现 143 次，倘若我们接受使徒约翰是约翰福音和约翰壹贰叁书的作者，它们就合共出现了 68 次 (约：37；约壹：28；约贰：2；约叁：1)。我们不期然会问：约翰为何强调「爱」？约翰更强调这是上帝的「命令」。在「命令」之下去「爱」，会否让「爱」变得太沉重？ 作者吴道宗博士主修新约，于1998年获美国南方浸信会神学院颁授哲学博士。吴博士曾任台湾中国学园传道会同工 (1983-1985)，现任中台神学院专任教师 (1988-1991，1998–迄今)。另着有《约翰福音析读》(基道， 2006)。 | F237: 520 | G237: 9789622086777 | H237: 吴道宗 | I237: 香港天道书楼 | J237: 182 | K237: 19.83 | L237: 1
A238: 220 | B238: 研经神学注释 | D238: 罗马书注释 (卷下) 繁体版 | E238: 「天道圣经注释丛书」具有以下特点：(1)解经 (exegesis)与释经(exposition)并重。一方面详细研究原文字词、时代背景及有关资料，另一方面也对经文各节作仔细分析。(2)全由华人学者撰写，不论用词或思想方法都较翻译作品易于了解。(3)不同学者有不同的学养和专长，其著述可给读者多方面的启发和参考。(4)重要的圣经原文尽量列出或加上英文音译，然后在内文或脚注详细讲解，使不懂原文者亦可深入研究圣经。 | F238: 222 | G238: 9789622082892 | H238: 鲍会园 | I238: 香港天道书楼 | J238: 111.8 | K238: 12.1813 | L238: 0
A239: 221 | B239: 研经神学注释 | D239: 教牧书信--繁体版 | E239: 保罗深知道蒙召喂养上帝的羊，不是一件易事。故此他分别去信给两位「真儿子」提摩太及提多，提醒、鼓励、劝勉、教导他们如何牧养。作者张永信博士结合学术及牧养心得，定必成为今天牧人的参考和指引。 （本书初版为「圣经研究丛书」之《教牧书信注释》） | F239: 553 | G239: 9789622086418 | H239: 张永信 | I239: 香港天道书楼 | J239: 182 | K239: 19.83 | L239: 1
A240: 222 | B240: 研经神学注释 | D240: 以赛亚书 ( 卷四 ) | E240: 「天道圣经注释丛书」具有以下特点：（1）解经（exegesis）与释经（exposition）并重。一方面详细研究原文词、时代背景及有关资料，另一方面也对经文各节作仔细分析。（2）全由华人学者撰写，不论用词或思想方法都较翻译作品易于了解。（3）不同学者有不同的学养和专长，其著述可给读者多方面的启发和参考。（4）重要的圣经原文尽量列出或加上英文音译，然后在内文或脚注详细讲解，使不懂原文者亦可深入研究圣经。 | F240: 407 | G240: 9789622086647 | H240: 吕绍昌 | I240: 香港天道书楼 | J240: 182 | K240: 19.83 | L240: 2
A241: 223 | B241: 研经神学注释 | D241: 弥迦书 那鸿书注释 | E241: 你曾完整地读完，甚至深入研究过整卷弥迦书或那鸿书一次吗？除了弥迦书六章8节外，哪些经文仍给你留下深刻的印象？ 弥迦与那鸿两位先知，在上帝的呼召与保守下，分别在各自所处的时代中有着极美的事奉；当他们离开世界的舞台后，所留下来的传讲和著作，继续向世世代代的人说话、见证。如今，尊重且珍视圣经的教会与信徒，实在没有理由不心悦诚服地付上时间的代价，藉着先知们所摆上的生命和从上帝所领受的信息，一窥上帝在当今世代的心意。 这本注释书正是为有意进深认识弥迦和那鸿的读者而写。解经需要考虑历史背景、字义、文法等，基于「结构」在希伯来诗中的重要，本书有较深入的分析，但碍于篇幅，也无法巨细靡遗地讨论解经各个环节的所有问题，对于学者们的研究，只能尽量选取较具代表性的成果呈现，而避免冗长、繁复的引用。 | F241: 476 | G241: 9789622089129 | H241: 胡维华 | I241: 香港天道书楼 | J241: 182 | K241: 19.83 | L241: 3
A242: 224 | B242: 研经神学注释 | D242: 以西结书 ( 上 下 册 ) | E242: 圣经中有一类书籍是既难读却也令人难忘的，其中的要义常存于读者心中，以西结书就是属于这一类别的书籍。 以西结书最深奥难明的地方要算异象。在旧约众先知中也有得见异象的，但以西结所见的更奇特而复杂；其中的信息不但与以色列民复兴有关，对现今教会仍有巨大的感染力，使教会对当前及未来都有所觉醒。 以西结出身于祭司的家庭，他的思想与表达的文体，仍不失祭司本色。他严责人民忽略圣物，在圣殿中没有纯正的敬拜，竟在其中膜拜偶像，圣诞节的厄运因此决不能免。理想圣殿的异象，是他信息重要之处，在旧约预言文学中是十分独特的真理。 | F242: 431-473 | G242: 9789622081765 | H242: 唐佑之 | I242: 香港天道书楼 | J242: 370.5 | K242: 40.3683 | L242: 1
A243: 225 | B243: 研经神学注释 | D243: 以赛亚书注释 ( 卷二 ) | E243: 以赛亚书从第十三章起，信息由针对以色列（一～十二章）转到列邦（十三～二十三章），这个段落与上下文有何关连？第二十四章至三十九章是教会较少宣讲的，它对基督徒又有甚么提醒呢？ 本书为你详解以赛亚书中向来被人忽略的篇幅（十三～三十九章），除了认识经文的意义，也帮助我们信靠那位以色列的圣者，明白是祂掌管人类的时空。 | F243: 432 | G243: 9789622089341 | H243: 吴献章 | I243: 香港天道书楼 | J243: 175.5 | K243: 19.1218 | L243: 1
A244: 226 | B244: 研经神学注释 | D244: 21世纪基督教释经学--解释学螺旋的原理与应用 | E244: 在这本包罗万象的《二十一世纪基督教释经学》中，作者提供神学院学生和在职牧师所需要的全套工具，以便他们能从正确的解经，发展成圣经神学及系统神学，并可预备扎实的释经讲道。 奥斯邦博士认为：释经学是从文本到上下文的一种螺旋运作，从文本的层面盘旋到读者的层面，不断地解明经文的原意以至于今天的意义。 本书分为三大部分：第一部是一般释经学（包括情境、文法、语意学、句法和背景）；第二部论及释经学及其文体分析；第三部论到应用释经学。在两篇「附篇」中，他也诠释当代哲学对经文明确意义的挑战，并讨论有关圣经权威争辩所引发的问题。 因应二十一世纪的需求，作者将本书的前身《基督教释经学手册》全书各章都作了必要的修订，还加添了两章〈旧约律法〉（第六章）、〈新约中的旧约〉（第十四章），参考书目也全面更新。 本书特色： ．涵盖全备议题 全书分三大部：一般释经、文体分析、应用释经，涵盖所有释经相关议题。举凡有关释经的原则，本书可说应有尽有。 ．统合解释应用 本书并未专注、满足于释经的研究，更将释经、神学与讲道统合起来，为释经提供了一个更健全的基础与定位。 ．坚守圣经权威 面对各式诠释学、批判学理论的挑战，作者持守圣经的默示与权威，站稳立场去探究新的学问，使其成果更具价值。 ．兼顾准确实用 本书提供平衡的解经重点，兼顾经文的原意与其在现今时代的适切性，在准确与实用之间，取得美妙的平衡。 | F244: 864 | G244: 9789861982908 | H244: 格兰．奥斯邦 | I244: 校园 | J244: 262 | K244: 31.0198 | L244: 7
A245: 227 | B245: 研经神学注释 | D245: 教会是什么? | E245: 我能够作一个与教会无任何关连的基督徒吗？「信心」和「受洗」两者有何关系？加入教真的很重要吗？我今日所看到的教会，和使徒行传里的教会大相回异，这是怎么回事？教会应该为我作些甚么？我应该为教会作些甚么？领人归主是我的责任，还是教会的责任？本书从圣经及教会历史两方面剖析我们的信心和今日教会是如何息息相关。 | F245: 152 | G245: 0000000079 | I245: 校园 | J245: 59.8 | K245: 6.5156 | L245: 2
A246: 228 | B246: 研经神学注释 | D246: 认识保罗的圣灵观 | E246: 初代信徒所信之福音的核心在于耶稣的生、死与复活，而他们的成功也在于他们对圣灵实际的经历，圣灵使基督的工作在他们的生命中成为非常的真实。 基督的救赎是末世的起点，教会就是神在末世的百姓，圣灵活泼的同在和赐下的恩赐，证明神末世的应许正在实现中，藉着圣灵的同在，信徒已经尝到未来的生命，并且朝向它最终完满的实现。 「保罗如何论及圣灵和神的百姓，这位五旬节派的学者，把有关于圣灵的讨论重新整理一番，并且超越了今日教会界里对所谓『灵恩』与『非灵恩』的界定。 他的言词强烈提醒我们认真思索，究竟，藉着圣灵，神期待会成为何为样式？ 在本书的陈述里，作者尝试把读者带回圣经本身，让人以一种再度被更新的眼光，看见圣灵如何让教会信徒整个团体活泼的在那里运作。」 ──温蒂．卓芭（Wendy M. Zoba） 美国「今日基督教」杂志副总编辑 | F246: 272 | G246: 9789575876876 | H246: 戈登．费依 | I246: 校园 | J246: 89.7 | K246: 9.7734 | L246: 6
A247: 229 | B247: 研经神学注释 | D247: 当代基督十架 | E247: 每个人都希望拥有多啦A梦的百宝袋，装满了各式各样让人眼界大开的道具。而在斯托得眼中，「十字架」就像多啦A梦的百宝袋，满是各种惊奇。他从教会历史开始说起，让我们看到十字架的信息如何改变世界，好比一个名叫钟马田的小牧师，就曾因为突然省悟了十字架的真正意义，讲道变得大有能力，成为二十世纪属一属二的福音派领袖。斯托得也从十字架的争议着手，一一回应各种质疑基督十架价值的观点，让人想到《魔戒》里白袍巫师大战群魔的威风凛凛。当然，在基督徒生活的层面，教会团契、自我接纳、与人相处、面对苦难等，十字架的光辉是越擦越亮，意义也更为深远。你还不知道怎样使用耶稣给的这个「十架」百宝袋吗？就让斯托得来为你细说分明吧！ | F247: 528 | G247: 9789575870232 | H247: 斯托得 | I247: 校园 | J247: 152 | K247: 18 | L247: 4
A248: 230 | B248: 研经神学注释 | D248: 基督教神学原典菁华 | E248: 本书是《基督教神学手册》的姊妹作，集作者十余年在英国、北美及澳洲教学的菁华于一身。内容涵盖极广，精选了二千年基督教神学思想中最具代表性、历史性及理性的原文；并对广泛的神学立场提供了精辟的分析。 书中条列280段基督教神学的基础性原文，每一段引文都有背景简介，包括： 成文时间、原始语言、专有名词、相关神学家，及读者可能会有的难题，以便读者直接与基督教传统的丰富根源对话。 为求全书一致，方便读者阅读，所有1800年之前非英文的引用文全都译成英文。书中编排井然有序，清晰易明，显示作者深明读者需要。 | F248: 560 | G248: 9789861984827 | H248: 麦葛福 | I248: 校园 | J248: 188.5 | K248: 20.5382 | L248: 1
A249: 231 | B249: 研经神学注释 | D249: 21世纪旧约导论 （增订版 | E249: 《21世纪旧约导论》全新增订版，持续作者对于最新旧约学术研究的关注及精辟的评论，在广大的正典架构中逐一检视各旧约经卷的精义，在具有神学意义的历史事件中，剖析经文的文学艺术，帮助读者以宽广却精准的眼光，获得旧约经文所要传达的重要信息。 全书导论包括三大层次： ．历史背景：按照圣经写作时代的情境，准确阅读旧约。 ．文学分析：依据作者写作习惯和笔法，正确解释旧约。 ．神学信息：立稳福音派信仰传统，本于信心分析旧约。 本书是一本内容扎实、深入浅出的导论，目的在于为读者作预备，能够跨越现代与古代旧约背景的鸿沟，欣赏旧约的文学之美，以及认识神丰丰富富的同在。阅读本书能够对于旧约个别经卷建立基本的认识，以及获得进深阅读的信息，是广受神学院老师欢迎的基础导论。 本书特色 1. 强调「特殊导论」（special introduction），依序介绍个别书卷。 2. 对历史批判法采取友善的互动，融汇旧约学者重要学术贡献。 3. 撷取历史上最具代表性的研究成果精华，而非繁冗的学术历程回溯。 4. 在个别经卷的文化处境中探究其意义，旨在了解旧约历史的本质。 5. 全书双套色排版，另有插图、表格、图表，版面清晰好读。 | F249: 640 | G249: 9789861982830 | H249: 朗文/狄拉德 | I249: 校园 | J249: 202 | K249: 24.5042 | L249: 2
A250: 232 | B250: 研经神学注释 | D250: 圣经希伯来文初级--36课教你看懂希伯来文圣经 | E250: 36课教你看懂希伯来文圣经～ ‧深受William D. Mounce教授肯定，荣获欧美多所大学及神学院指定使用 ‧国内最完整有系统的希伯来文法书 本书一共有卅六堂课，是作者累积多年教学经验编写而成，特别针对想学习基础希伯来文的读者而设计，课程内容涵盖音韵学，字形学与句法等基础范围。不强调单字背诵，注重活用字型，使学习者在自然中学会希伯来文。另有习作本可搭配使用，帮助你在一年内学会自己看旧约希伯来文圣经。对于喜爱学习语文及想看懂旧约圣经的读者，本书绝对是您最佳的学习工具。 八大特色： 1.文法书与习作本搭配使用，学习效果加倍 2.书中附有希伯来文字汇表，增强记忆之用 3.强调希伯来字句的了解，而非硬背，让学习变得更简单 4.使用范例多出自旧约圣经经文，帮助您更熟悉希伯来文经文 5.全书多处引用统计资料，标志该单字的相关意义及出现频率 6.每章撷录精辟<解经亮光>，提供学生研读希伯来文的祕诀 7.提供额外的网站资料，作为文法书与练习本的补强 8.荣获欧美多所大学及神学院指定使用的优良教材 | F250: 512 | G250: 9789570471854 | H250: Gary D. Pratico, Miles V. Van Pelt | I250: 校园 | J250: 299 | K250: 32.5779 | L250: 2
A251: 233 | B251: 研经神学注释 | D251: 旧约诗歌智慧书导论 | E251: 圣经旧约文学中最引人入胜的，莫过于诗歌智慧书（即约伯记、诗篇、箴言、传道书和雅歌）。其中环绕着苦罪的悬谜、污损的良心、过客的人生、以及男女的情义等主题而发展。本书就是要同您分享旷古以来，突破时空羁绊、跨越地理限制的宇宙性话题。 作者再书中提供读者一个极具价值的诗歌智慧书解释原则，并以经文做实际的举例。作者的讨论也涉及近东的古典文学，作为阐明希伯来诗歌智慧神学精粹的比对，以窥得其堂奥之美。 | F251: 304 | G251: 9789579337892 | H251: 卜洛克 | I251: 校园 | J251: 80.6 | K251: 8.7819 | L251: 4
A252: 234 | B252: 研经神学注释 | D252: 深知所信(增订版)---基督徒基要真理 | E252: 长久以来，坊间一直缺乏对平信徒来说浅显易懂、立场又前后一贯的信理书籍，本书正可弥补这个缺憾。这是一本易于使用，适合小组讨论的书，每章结尾都列有讨论问题，以及配合该章讨论的关键经节。作者的心愿，是要帮助基督徒更积极负责任地认识自己的信仰，并且将基督教会的教导应用出来。 为了引导使用者认识基督信仰，作者按照传统基督信理的次序来架构本书的主题，亦即启示论、上帝论、基督论、圣灵论、人论、救恩论、教会论，以及论末后的事。虽然本书倾向改革宗的立场，却意在帮助更正教所有宗派的教会工人与平信徒。 | F252: 528 | G252: 9789866355226 | H252: 吴道宗 | I252: 校园 | J252: 152 | K252: 18 | L252: 7
A253: 235 | B253: 研经神学注释 | D253: 旧约先知书概论 | E253: 旧约圣经的先知书是一座不可或缺的桥梁，衔接了神在旧约圣经的信息和神在新约圣经的信息。本书避免一个常犯的错误，就是毫无根据地采取寓意解经的路线，把新 约圣经回头读入先知书中，但作者也常常指出先知书与新约圣经的关联，特别注意主耶稣与新约圣经的作者们如何使用先知书的特定经文。 先知的事奉和信息，是与 他们时代动荡不安的历史事件紧密交织在一起的，所以本书把先知书置于它们所属的历史场景，探究他们的信息对于当初听见的人有何意义。但主要焦点不在于历史 背景，而是先知的信息，故作者采取宏观的角度，说明先知书的文学意义。 此外，虽然本书尽量与最出色的学术研究成果互动，却常常处理先知书的信息在今日的应用，帮助读者问这个最基本的问题：「这与我们的时代有何关联？它应该对 我产生甚么影响？」范甘麦伦博士以流畅可读的写作方式，配合九十一张图表，深入浅出地为读者呈现打开先知书的大门，帮助他们诠释先知书，邀请他们聆听先知 震撼人心的信息，活出先知的话语。 长久以来，先知书的声音在教会中一直都受到压抑，或被用来支持与当代基督徒每日生活关系不大的末世论观点。 范甘麦伦却强调他们的教训何等适用于今日，他们的话语对于我们的心灵何等有益。就像原初的受众一样，我们需要被提醒：若有人违背神的圣约，祂必不宽容。就 像余民一样，我们需要被提醒：我们的盼望还未实现，它大过我们今生所面对的任何苦难。我们生活的时代与先知的时代类似，他们向以色列人所说审判和救恩的话 语，也是对我们说的。 本书分为三部分，每部分皆聚焦于特定的内容，却又都与其他两部分有清楚的关联。第一部分介绍以色列历史中的先知「现象」；第二部分与第三部分则分别综览 「小先知书」与「大先知书」的主要信息、相关主题、以及理解这些书卷本身的圣经神学架构。 | F253: 624 | G253: 9781939251039 | H253: 范甘麦伦 | I253: 校园 | J253: 239.2 | K253: 26 | L253: 7
A254: 236 | B254: 研经神学注释 | D254: 认识解经原理 | E254: 本书是作者多年研经的经验，深入浅出、简明实用，仔细研读并应用书中的原则，可使读者每天的灵修及研经获益更多，而且在系统性的思考上更加全备。 | F254: 140 | G254: 9789575871376 | H254: 陈济民 | I254: 校园 | J254: 45.5 | K254: 4.9575 | L254: 8
A255: 237 | B255: 研经神学注释 | D255: 再思保罗神学争议 | E255: 保罗有否发明我们现在所认知的基督教？「因信称义是保罗神学教义的核心吗？」…… 近代关于保罗神学的研究，仍然是众说纷纭，在混淆与争论中游移。 本书以渐进式的文字叙述，从历史、神学、注释、应用四方面来讨论保罗神学，清晰鲜明地将保罗重新呈现在读者面前，同时针对关于保罗神学的批判，提出客观、明确的阐述，以导正人们对保罗的误解，让人可以再思保罗神学与基督教教义之间的关系，并对保罗及其神学有正确的认识。 | F255: 296 | G255: 9789861982885 | H255: 汤姆_赖特 | I255: 校园 | J255: 87.1 | K255: 9.4901 | L255: 8
A256: 238 | B256: 研经神学注释 | D256: 当代圣灵工作 | E256: 本书研究圣灵的应许、圣灵的充满、圣灵的果子以及圣灵的恩赐等颇富争议的题目，各章均从圣经立论，且不规避当代教会各种现象，为今日信徒必备之著作。 | F256: 152 | G256: 9789861982700 | H256: 斯托得 | I256: 校园 | J256: 45.5 | K256: 4.9575 | L256: 2
A257: 239 | B257: 研经神学注释 | D257: 新约解经手册 | E257: 作者为现任加拿大温哥华维真学院新约教授，著作甚丰。本手册旨在陈明解经程序、解决经文难题、预备讲章的正确方法。书中亦列出重要参考文献，供进一步研究。对想要进深认识新约信息的牧者和神学生而言，本书将是你的终生良伴。 | F257: 190 | G257: 9789579337397 | H257: 戈登．费依 | I257: 校园 | J257: 57.2 | K257: 6.2323 | L257: 10
... A311: 293 | B311: 主日学教材 | D311: 耶稣花园圣经学习第三部--老师本（幼儿级3-5岁） | E311: 幼儿级Ｃｏｎｔｅｎｓ目录 2 上帝创造的世界 3 第1课 充满的天、地、海 9 第2课 大的动物、小的动物 15 第3课 特别的人 21 第4课 照顾者 30 挪亚 31 第5课 建造方舟 39 第6课 在方舟里 45 第7课 与上帝的约定 52 亚伯拉罕与撒拉 53 第8课 以信心出发的旅程 61 第9课 要让步 67 第10课 家人变多了 74 耶稣的爱何等的大：十字架 75 第11课 赞美的人们 81 第12课 爱的手 87 第13课 耶稣的爱 93 第14课 与我们同在的耶稣 100 摩西 101 第15课 婴孩摩西 107 第16课 全家都相信上帝 113 第17课 上帝的仆人，摩西 120 以色列人与十诫 121 第18课 奇妙的上帝 127 第19课 上帝赐下十诫 133 第20课 要爱上帝 139 第21课 要爱邻舍 | F311: 175 | G311: 4990000006279 | H311: 多人 | I311: 中主 | J311: 75.4 | K311: 8.2153 | L311: 0
A312: 294 | B312: 主日学教材 | D312: 耶稣花园圣经学习第三部--老师本(婴儿级1-2岁) | F312: 195 | G312: 4990000006262 | H312: 多人 | I312: 中主 | J312: 84 | K312: 10 | L312: 1
A313: 295 | B313: 主日学教材 | D313: 耶稣花园圣经学习第三部--老师本(高小级5.6年级) | E313: 教材使用说明 单元一 面对问题 第1课 胜过威胁 第2课 从哀哭到欢呼 第3课 耶和华是我的牧者 第4课 结果子的嘴唇 单元二 成功与失败 第5课 爱人如己 第6课 失败：成功的垫脚石 第7课 真正的成功 第8课 常常喜乐 单元三 在基督里的新生命 第9课 复活的能力 第10课 一切都更新 第11课 为主作见证 第12课 欢迎耶稣 第13课 新生命导览书 单元四 面对社会问题 第14课 拒绝暴力 第15课 扶助贫穷 第16课 守洁宣言 第17课 拒绝虐待 单元五 服事上帝 第18课 上帝的团队 第19课 成为耶稣的门徒 第20课 上帝的礼物：恩赐 第21课 最微小的人 单元六 上帝的英雄 第22课 上帝心中的英雄 第23课 奋不顾身的以斯帖 第24课 永不妥协的尼希米 第25课 劝慰人心的巴拿巴 第26课 无可取代的耶稣 | F313: 179 | G313: 4990000006354 | H313: 多人 | I313: 中主 | J313: 69 | K313: 8.2153 | L313: 1
A314: 296 | B314: 主日学教材 | D314: 耶稣花园圣经学习第三部--老师本（初小级1.2年级） | E314: 教材使用说明 单元一 上帝创造了 第1课 上帝创造了 第2课 人很重要 第3课 堕落 第4课 使上帝喜悦的生活 第5课 遵守约定的上帝 单元二 信仰的指导者 第6课 信任上帝 第7课 等待 第8课 和平的言语 第9课 原谅 单元三 耶稣的十字架与复活 第10课 接待耶稣 第11课 效法耶稣 第12课 耶稣为我们死 第13课 耶稣复活了 单元四 上帝百姓的指导者 第14课 拿出勇气！ 第15课 我的帮助，我的盾牌 第16课 有能力的上帝 第17课 相信并跟随 第18课 逃脱 单元五 上帝百姓的旷野生活 第19课 时常满足 第20课 十诫 第21课 按照上帝的话语生活 第22课 上帝引导我们 单元六 基甸 第23课 使用我们的上帝 第24课 担忧退下 第25课 智慧的选择 | F314: 179 | G314: 4990000006316 | H314: 多人 | I314: 中主 | J314: 69 | K314: 8.2153 | L314: 2
A315: 297 | B315: 主日学教材 | D315: 耶稣花园圣经学习第四部--学生本(中小级3.4年级) | E315: 中小级 目录 1 上帝行奇事 第1课 奇迹发生了 第2课 请医治我 第3课 耶稣是谁？ 第4课 胜过死亡的力量 2 我们的朋友，耶稣 第5课 撒该，快下来 第6课 是我，不要怕 第7课 我们是朋友 第8课 永不改变的朋友 3 保罗的布道旅程 第9课 蒙召做主的工人 第10课 大声传扬 第11课 一同作工 第12课 上帝保护我 4 教会 第13课 世界的教会 第14课 彼此鼓励 第15课 一起同工 第16课 伸出援手 5 学习圣经 第17课 读上帝的话语 第18课 亲近上帝的话语 第19课 上帝的应许 第20课 介绍耶稣 第21课 上帝赐给我们的话语 6 耶稣降生 第22课 凡事都有可能 第23课 谁？我吗？ 第24课 上帝的儿子降生了 第25课 等待什么呢？ 第26课 学习并成长 | F315: 52 | G315: 4990000006453 | H315: 多人 | I315: 中主 | J315: 29.9 | K315: 3.2578 | L315: 3
A316: 298 | B316: 主日学教材 | D316: 耶稣花园圣经学习第四部--学生本(幼稚级6-7岁) | E316: 单元一 相信的勇气 第1课 十二颗石子 第2课 城墙倒塌了 第3课 上帝的话语 第4课 耶稣来了 单元二 耶稣的成长 第5课 认识上帝 第6课 我是喜乐的人 第7课 胜过试探 第8课 耶稣长大了 单元三 遇见耶稣的人们 第9课 相信耶稣 第10课 耶稣的门徒彼得 第11课 献上香膏的马利亚 第12课 分享给人的撒该 单元四 遇见耶稣的人们 第13课 我们是一个身体 第14课 我要像耶稣 第15课 我要分享 第16课 传扬好消息 单元五 我的上帝 第17课 上帝都知道！ 第18课 我的保护者 第19课 我的牧者 第20课 我的喜乐 第21课 我的感恩（感恩节） 单元六 耶稣降生了 第22课 天使传来的消息 第23课 降生于马槽的王 第24课 前来敬拜的人们 第25课 耶稣的成长 | F316: 102 | G316: 4990000006415 | H316: 多人 | I316: 中主 | J316: 48.1 | K316: 5.2408 | L316: 2
A317: 299 | B317: 主日学教材 | D317: 耶稣花园圣经学习第四部--学生本(高小级5.6年级) | E317: 单元一 孩子就在我身边 第1课 拆墙 第2课 好，做得好！ 第3课 流行 第4课 选边站 单元二 学校 第5课 全力以赴 第6课 负面的行为 第7课 平衡的生活 第8课 老师与我 第9课 学校里的信仰生活 单元三 跟随耶稣 第10课 服事的祕诀 第11课 我想告诉全世界 第12课 上帝，祢好！ 第13课 话语的能力 单元四 成长 第14课 对外表的感觉 第15课 异性的魅力！？ 第16课 情绪管理 第17课 成长与成熟 第18课 迈向未知的旅程 单元五 父母和权柄 第19课 再看一次规则 第20课 最高的权柄 第21课 体谅父母 第22课 上帝的期待 单元六 圣灵 第23课 上帝的礼物 第24课 圣灵，我的帮助 第25课 圣灵，我的引导 第26课 圣灵的果子 | F317: 54 | G317: 4990000006477 | H317: 多人 | I317: 中主 | J317: 28 | K317: 3.3 | L317: 1
A318: 300 | B318: 主日学教材 | D318: 耶稣花园圣经学习第四部--学生本(初小级1.2年级) | E318: 单元一 耶稣的成长 第1课 认识上帝 第2课 靠上帝的话语得胜 第3课 上帝交代的事 第4课 上帝所喜悦的人 单元二 耶稣的事工 第5课 乐于分享 第6课 待人亲切 第7课 感谢，感谢 第8课 伸出帮助的手 第9课 变得不一样 单元三 使徒的脚踪 第10课 医治的能力 第11课 福音是好消息 第12课 为他人祷告 第13课 喜乐的心 单元四 礼拜 第14课 以顺服敬拜 第15课 以爱来敬拜 第16课 一同作礼拜 第17课 以马内利 第18课 如何作礼拜？ 单元五 祷告 第19课 上帝希望的祷告 第20课 上帝垂听祷告 第21课 上帝帮助我 第22课 等待并祷告 单元六 耶稣降生 第23课 等待圣诞 第24课 耶稣是救赎主 第25课 喜乐圣诞 第26课 祝贺的礼物 | F318: 54 | G318: 4990000006439 | H318: 多人 | I318: 中主 | J318: 29.9 | K318: 3.2578 | L318: 0
...

Sheet 国内书单
A1: 国内书单
A2: 您好：您可以通过下列序号索引快速找到所需类别书籍。
A3: 序号001-084：儿童绘本读物（国内书单）
A4: 序号085-111：福音文学
A5: 序号112-122：工作信仰生活
A6: 序号123-265：婚恋家庭亲子
A7: 序号266-275：基督教经典丛译
A8: 序号276-306：见证传记
A9: 序号307-309：教会牧养
A10: 序号310-319：历史与文化
A11: 序号320-483：灵命塑造与心灵关怀
A12: 序号484-501：青少年读物
... A16: 序号565-571：宗教信仰研究
A17: 序号 | B17: 图书名称 | C17: 书 号 | D17: 类别 | E17: 作者 | F17: 出版社 | G17: 人民币 | H17: 库存
A18: 1 | B18: 儿童注意力训练手册（新版） | C18: 9787561432792 | D18: 儿童读物绘本 | E18: 劳特(Lauth.G.W)^施洛特克 | F18: 四川大学 | G18: 58.00 | H18: =_xlfn.XLOOKUP(C18,Sheet1!A:A,Sheet1!E:E,) -> 1
A19: 2 | B19: 嘱托 《 耶稣的叮咛 》 | C19: 9787552702750 | D19: 儿童读物绘本 | E19: 莎拉·杨 | F19: 甘肃人美 | G19: 88.00 | H19: =_xlfn.XLOOKUP(C19,Sheet1!A:A,Sheet1!E:E,) -> 0
A20: 3 | B20: 儿童注意力训练父母手册 | C20: 9787561433484 | D20: 儿童读物绘本 | E20: （德）劳特/施洛特克/瑙曼 | F20: 四川大学 | G20: 26.00 | H20: =_xlfn.XLOOKUP(C20,Sheet1!A:A,Sheet1!E:E,) -> 8
A21: 4 | B21: 《爱你本来的样子》中英双语典藏版-白壳精装 | C21: 9787506097147 | D21: 儿童读物绘本 | E21: 陆可铎 | F21: 东方出版 | G21: 39.00 | H21: =_xlfn.XLOOKUP(C21,Sheet1!A:A,Sheet1!E:E,) -> 5
A22: 5 | B22: 《你是我的孩子》中英双语典藏版-白壳精装 | C22: 9787506097130 | D22: 儿童读物绘本 | E22: 陆可铎 | F22: 东方出版 | G22: 42.00 | H22: =_xlfn.XLOOKUP(C22,Sheet1!A:A,Sheet1!E:E,) -> 9
A23: 6 | B23: 《你所需要的》中英双语典藏版-白壳精装 | C23: 9787506097123 | D23: 儿童读物绘本 | E23: 陆可铎 | F23: 东方出版 | G23: 39.00 | H23: =_xlfn.XLOOKUP(C23,Sheet1!A:A,Sheet1!E:E,) -> 9
A24: 7 | B24: 《因为我爱你》中英双语典藏版-白壳精装 | C24: 9787506097161 | D24: 儿童读物绘本 | E24: 陆可铎 | F24: 东方出版 | G24: 39.00 | H24: =_xlfn.XLOOKUP(C24,Sheet1!A:A,Sheet1!E:E,) -> 7
A25: 8 | B25: 陆可铎"你很特别"系列之：艾文的帽子 | C25: 9787212089450 | D25: 儿童读物绘本 | E25: 【美】陆可铎 | F25: 安徽人民 | G25: 32.80 | H25: =_xlfn.XLOOKUP(C25,Sheet1!A:A,Sheet1!E:E,) -> 1
A26: 9 | B26: 陆可铎"你很特别"系列之：橡果中的橡树 | C26: 9787212089382 | D26: 儿童读物绘本 | E26: 【美】陆可铎 | F26: 安徽人民 | G26: 38.00 | H26: =_xlfn.XLOOKUP(C26,Sheet1!A:A,Sheet1!E:E,) -> 1
A27: 10 | B27: 你是我的孩子（中英对照版） | C27: 9787210082507 | D27: 儿童读物绘本 | E27: 陆可译 | F27: 江西人民 | G27: 18.00 | H27: =_xlfn.XLOOKUP(C27,Sheet1!A:A,Sheet1!E:E,) -> 9
A28: 11 | B28: 生命的种子系列2-儿童品德教育·全球精选儿童中英对照版（全8册） | C28: 9787552705041 | D28: 儿童读物绘本 | E28: 戴薇 | F28: 甘肃人民 | G28: 258.00 | H28: =_xlfn.XLOOKUP(C28,Sheet1!A:A,Sheet1!E:E,) -> 0
A29: 12 | B29: 生命的种子系列III-儿童品格教育·全球精选儿童中英文对照绘本（全8册） | C29: 9787569018592 | D29: 儿童读物绘本 | E29: 戴薇 | F29: 四川大学出版社 | G29: 268.00 | H29: =_xlfn.XLOOKUP(C29,Sheet1!A:A,Sheet1!E:E,) -> 11
... A199: 182 | B199: 育儿新知-让孩子生长的最好 | C199: 9787542641595 | D199: 婚恋家庭亲子 | E199: 梁淑芳 | F199: 上海三联 | G199: 26.00 | H199: =_xlfn.XLOOKUP(C199,Sheet1!A:A,Sheet1!E:E,) -> 2
A200: 183 | B200: 窗外依然有蓝天（新版） | C200: 9787210044857 | D200: 婚恋家庭亲子 | E200: 黄维仁 编 | F200: 江西人民出版社 | G200: 26 | H200: =_xlfn.XLOOKUP(C200,Sheet1!A:A,Sheet1!E:E,) -> 5
A201: 184 | B201: 我心狂野—男人就要活出男人的样子 | C201: 9787229021306 | D201: 婚恋家庭亲子 | E201: (美)艾杰奇 | F201: 重庆出版社 | G201: 26.00 | H201: =_xlfn.XLOOKUP(C201,Sheet1!A:A,Sheet1!E:E,) -> 1
A202: 185 | B202: 爱，逆转胜-一个被爱所拯救又全身心地传播爱的故事 | C202: 9787506052757 | D202: 婚恋家庭亲子 | E202: 纪宝如 魏棻卿 | F202: 东方出版 | G202: 27.00 | H202: =_xlfn.XLOOKUP(C202,Sheet1!A:A,Sheet1!E:E,) -> 3
A203: 186 | B203: 家庭会伤人 | C203: 9787561436738 | D203: 婚恋家庭亲子 | E203: [美] 约翰·布雷萧 | F203: 四川大学 | G203: 31.00 | H203: =_xlfn.XLOOKUP(C203,Sheet1!A:A,Sheet1!E:E,) -> 1
A204: 187 | B204: 为孩子立界线（新版） | C204: 9787807475767 | D204: 婚恋家庭亲子 | E204: 克劳德 | F204: 海天出版社 | G204: 32.00 | H204: =_xlfn.XLOOKUP(C204,Sheet1!A:A,Sheet1!E:E,) -> 31
A205: 188 | B205: 单身爱之语 | C205: 9787210035558 | D205: 婚恋家庭亲子 | E205: [美] 查普曼 | F205: 江西人民出版社 | G205: 20.00 | H205: =_xlfn.XLOOKUP(C205,Sheet1!A:A,Sheet1!E:E,) -> 7
A206: 189 | B206: 亲子书 | C206: 9787531692874 | D206: 婚恋家庭亲子 | E206: （英）李力奇 李希拉 | F206: 黑龙江教育 | G206: 46.00 | H206: =_xlfn.XLOOKUP(C206,Sheet1!A:A,Sheet1!E:E,) -> 3
A207: 190 | B207: 从0岁开始（套装共4册） | C207: 9787508095820 | D207: 婚恋家庭亲子 | E207: （美)盖瑞·艾卓 安·玛莉 | F207: 华夏出版社 | G207: 38.00 | H207: =_xlfn.XLOOKUP(C207,Sheet1!A:A,Sheet1!E:E,) -> 7
A208: 191 | B208: 丰盈心态养孩子 （新版） | C208: 9787516816417 | D208: 婚恋家庭亲子 | E208: [美] 蒋佩蓉 | F208: 台海出版社 | G208: 46.00 | H208: =_xlfn.XLOOKUP(C208,Sheet1!A:A,Sheet1!E:E,) -> 0
A209: 192 | B209: 开启男人潜藏的价值 | C209: 9787210038023 | D209: 婚恋家庭亲子 | E209: [美]史葛利 特约翰博士着 吴苏心美 译 | F209: 江西人民 | G209: 26.00 | H209: =_xlfn.XLOOKUP(C209,Sheet1!A:A,Sheet1!E:E,) -> 3
A210: 193 | B210: 女性心灵故事 | C210: 9787201048932 | D210: 婚恋家庭亲子 | E210: 葛爱丽（美） | F210: 江西人民 | G210: 28.00 | H210: =_xlfn.XLOOKUP(C210,Sheet1!A:A,Sheet1!E:E,) -> 5
A211: 194 | B211: 女人误信的谎言 | C211: 9787510419607 | D211: 婚恋家庭亲子 | E211: 狄楠熙 | F211: 新世界出版社 | G211: 28.00 | H211: =_xlfn.XLOOKUP(C211,Sheet1!A:A,Sheet1!E:E,) -> 1
A212: 195 | B212: 镜中的男人(加印） | C212: 9787223021883 | D212: 婚恋家庭亲子 | E212: 帕特·摩利 | F212: 西藏人民 | G212: 29.80 | H212: =_xlfn.XLOOKUP(C212,Sheet1!A:A,Sheet1!E:E,) -> 6
... A322: 305 | B322: 因爱着中国 | C322: 9787501554577 | D322: 见证传记 | E322: 考伊 Ellen (Caughey.) | F322: 知识出版社 | G322: 37.50 | H322: =_xlfn.XLOOKUP(C322,Sheet1!A:A,Sheet1!E:E,) -> 111
A323: 306 | B323: 漫游者的超越 | C323: 9787210037057 | D323: 见证传记 | E323: 张海燕 | F323: 江西人民出版社 | G323: 120 | H323: =_xlfn.XLOOKUP(C323,Sheet1!A:A,Sheet1!E:E,) -> 2
A324: 307 | B324: 仆人式领导之旅 | C324: 9787501181995 | D324: 教会牧养 | E324: 威廉.B特纳 \德蕾恩.查普尔 | F324: 新华出版 | G324: 32.00 | H324: =_xlfn.XLOOKUP(C324,Sheet1!A:A,Sheet1!E:E,) -> 2
A325: 308 | B325: 教学七律 | C325: 9787512657755 | D325: 教会牧养 | E325: （美）约翰·格里高利 | F325: 团结出版社 | G325: 29.00 | H325: =_xlfn.XLOOKUP(C325,Sheet1!A:A,Sheet1!E:E,) -> 16
A326: 309 | B326: 苏格拉底遇见耶稣 | C326: 9787542651365 | D326: 教会牧养 | E326: 彼得·克雷夫特 | F326: 上海三联 | G326: 38.00 | H326: =_xlfn.XLOOKUP(C326,Sheet1!A:A,Sheet1!E:E,) -> 0
A327: 310 | B327: 转折点--基督教会历史里程碑 | C327: 9781930490338 | D327: 历史与文化 | E327: 樂馬可著 邱清萍译 | G327: 108.00 | H327: =_xlfn.XLOOKUP(C327,Sheet1!A:A,Sheet1!E:E,) -> 0
A328: 311 | B328: 早期基督教思想的精神（加印） | C328: 9787516103029 | D328: 历史与文化 | E328: 罗伯特·路易斯·威尔肯（美） | F328: 中国社会科学 | G328: 37.00 | H328: =_xlfn.XLOOKUP(C328,Sheet1!A:A,Sheet1!E:E,) -> 0
A329: 312 | B329: 奇异恩典：约翰·牛顿传（重印） | C329: 9787500487036 | D329: 历史与文化 | E329: 约拿单.艾特肯 | F329: 中国社会科学 | G329: 25.00 | H329: =_xlfn.XLOOKUP(C329,Sheet1!A:A,Sheet1!E:E,) -> 1
A330: 313 | B330: 自由乐土 | C330: 9787515404134 | D330: 历史与文化 | E330: 查尔斯•卡尔顿•科芬 | F330: 当代中国 | G330: 35.00 | H330: =_xlfn.XLOOKUP(C330,Sheet1!A:A,Sheet1!E:E,) -> 4
A331: 314 | B331: 自由的故事 | C331: 9787511708762 | D331: 历史与文化 | E331: 查尔斯·卡尔顿·科芬（美） | F331: 中央编译 | G331: 32.00 | H331: =_xlfn.XLOOKUP(C331,Sheet1!A:A,Sheet1!E:E,) -> 0
A332: 315 | B332: 古代基督教史 | C332: 9787208104976 | D332: 历史与文化 | E332: 徐怀启 | F332: 广西师范大学出版社 | G332: 45.00 | H332: =_xlfn.XLOOKUP(C332,Sheet1!A:A,Sheet1!E:E,) -> 1
A333: 316 | B333: 自由与生存：西方思想史上的自由惯追踪 | C333: 9787208072251 | D333: 历史与文化 | E333: 谢文郁 | F333: 上海人民 | G333: 32 | H333: =_xlfn.XLOOKUP(C333,Sheet1!A:A,Sheet1!E:E,) -> 1
A334: 317 | B334: 灵与肉：山东的天主教(1650-1785) | C334: 7534751748 | D334: 历史与文化 | E334: 孟德卫 | F334: 大象出版 | G334: 18 | H334: =_xlfn.XLOOKUP(C334,Sheet1!A:A,Sheet1!E:E,) -> 0
A335: 318 | B335: 石器时代亲历记-约翰·戴克和他的福音之旅 | C335: 9787547209530 | D335: 历史与文化 | E335: 约翰·戴克 | F335: 吉林文史 | G335: 25.00 | H335: =_xlfn.XLOOKUP(C335,Sheet1!A:A,Sheet1!E:E,) -> 2
A336: 319 | B336: 有信仰的资本 | C336: 9787210038375 | D336: 历史与文化 | E336: [英]伊恩.布兰德尼 著 | F336: 江西人民 | G336: 23.00 | H336: =_xlfn.XLOOKUP(C336,Sheet1!A:A,Sheet1!E:E,) -> 3
A337: 320 | B337: 软弱之道-靠主得力的人生 | C337: 9787542654786 | D337: 灵命塑造与心灵关怀 | E337: J·I·巴刻 | F337: 上海三联 | G337: 28.00 | H337: =_xlfn.XLOOKUP(C337,Sheet1!A:A,Sheet1!E:E,) -> 6
A338: 321 | B338: 美好品格的塑造 | C338: 9787542653208 | D338: 灵命塑造与心灵关怀 | E338: 侯士庭 | F338: 上海三联 | G338: 32.00 | H338: =_xlfn.XLOOKUP(C338,Sheet1!A:A,Sheet1!E:E,) -> 0
A339: 322 | B339: 心灵渴望--满足人心的饥渴 | C339: 9787542651334 | D339: 灵命塑造与心灵关怀 | E339: 侯士庭 | F339: 上海三联 | G339: 40.00 | H339: =_xlfn.XLOOKUP(C339,Sheet1!A:A,Sheet1!E:E,) -> 2
... A525: 508 | B525: 圣经故事（多雷插图本） | C525: 9787807206675 | D525: 圣经故事 | E525: 俞萍 | F525: 吉林出版集团 | G525: 39.00 | H525: =_xlfn.XLOOKUP(C525,Sheet1!A:A,Sheet1!E:E,) -> 17
A526: 509 | B526: 陌生客同路人 | C526: 9787542641571 | D526: 圣经故事 | E526: [加]高约翰著 | F526: 上海三联书店 | G526: 26.8 | H526: =_xlfn.XLOOKUP(C526,Sheet1!A:A,Sheet1!E:E,) -> 64
A527: 510 | B527: 《爱的五种语言》（手绘涂色书） | C527: 9787541083518 | D527: 圣经故事 | E527: [美] 盖瑞•查普曼 | F527: 四川美术出版社 | G527: 58.00 | H527: =_xlfn.XLOOKUP(C527,Sheet1!A:A,Sheet1!E:E,) -> 7
A528: 511 | B528: 律法书叙事书著作解读（新版） | C528: 9787802543683 | D528: 研经神学注释 | E528: 梁工 等 | F528: 宗教文化出版社 | G528: 38.00 | H528: =_xlfn.XLOOKUP(C528,Sheet1!A:A,Sheet1!E:E,) -> 5
A529: 512 | B529: 圣经解读（新版） | C529: 9787802543652 | D529: 研经神学注释 | E529: 梁工 等 | F529: 宗教文化 | G529: 38.00 | H529: =_xlfn.XLOOKUP(C529,Sheet1!A:A,Sheet1!E:E,) -> 2
A530: 513 | B530: 不要为明天忧虑-讲道集 | C530: 9787802549036 | D530: 研经神学注释 | E530: 张忠成 | F530: 宗教文化出版社 | G530: 26.00 | H530: =_xlfn.XLOOKUP(C530,Sheet1!A:A,Sheet1!E:E,) -> 8
A531: 514 | B531: 圣经基要—9小时掌握圣经全貌 | C531: 9787880333756 | D531: 研经神学注释 | E531: 约翰·弗莱曼 | F531: 北京中体音像出版 | G531: 28.00 | H531: =_xlfn.XLOOKUP(C531,Sheet1!A:A,Sheet1!E:E,) -> 9
A532: 515 | B532: 圣灵降临的叙事（17年版本） | C532: 9787508089881 | D532: 研经神学注释 | E532: 刘小枫 | F532: 华夏出版社 | G532: 24.00 | H532: =_xlfn.XLOOKUP(C532,Sheet1!A:A,Sheet1!E:E,) -> 4
A533: 516 | B533: 启示录注疏（上下卷） | C533: 9787542645135 | D533: 研经神学注释 | E533: 罗伟 | F533: 上海三联 | G533: 98.00 | H533: =_xlfn.XLOOKUP(C533,Sheet1!A:A,Sheet1!E:E,) -> 1
A534: 517 | B534: 诗歌书智慧文学解读（新版） | C534: 9787802543706 | D534: 研经神学注释 | E534: 梁工 郭晓霞 | F534: 宗教文化出版社 | G534: 40.00 | H534: =_xlfn.XLOOKUP(C534,Sheet1!A:A,Sheet1!E:E,) -> 3
A535: 518 | B535: 先知书启示文学解读（新版） | C535: 9787802543713 | D535: 研经神学注释 | E535: 赵宁 | F535: 宗教文化出版社 | G535: 40.00 | H535: =_xlfn.XLOOKUP(C535,Sheet1!A:A,Sheet1!E:E,) -> 3
A536: 519 | B536: 教牧指导实用手册 | C536: 9787802548718 | D536: 研经神学注释 | E536: 张本美 | F536: 宗教文化出版社 | G536: 22.00 | H536: =_xlfn.XLOOKUP(C536,Sheet1!A:A,Sheet1!E:E,) -> 3
A537: 520 | B537: 清教徒之约-威斯敏斯德准则 | C537: 9787542639202 | D537: 研经神学注释 | E537: 王志勇 | F537: 上海三联 | G537: 14.80 | H537: =_xlfn.XLOOKUP(C537,Sheet1!A:A,Sheet1!E:E,) -> 7
A538: 521 | B538: 圣经关键词研究 | C538: 9787802541603 | D538: 研经神学注释 | E538: 邱业祥 | F538: 宗教文化出版社 | G538: 28.00 | H538: =_xlfn.XLOOKUP(C538,Sheet1!A:A,Sheet1!E:E,) -> 1
... A588: 571 | B588: 圣经篇章解读 | C588: 9787518803590 | D588: 宗教信仰研究 | E588: 曹惠云 | F588: 宗教文化 | G588: 26.00 | H588: =_xlfn.XLOOKUP(C588,Sheet1!A:A,Sheet1!E:E,) -> 2

Sheet Sheet1
A1: 货品编号 | B1: 品名 | C1: 规格 | D1: 单位 | E1: 库存量 | F1: 不良品 | G1: 零售价
A2: 9788990233370 | B2: 中文拼音圣经 | E2: 1008 | F2: 0 | G2: 234
A3: 9789861988702 | B3: 为青少年立界线 | E3: 10 | F3: 0 | G3: 83
A4: 9789575505066 | B4: 我的第一本床边圣经故事 | E4: 15 | F4: 0 | G4: 46
A5: 9789575505097 | B5: 上帝是我的好朋友--故事圣经 | E5: 15 | F5: 0 | G5: 133
A6: 9789888286157 | B6: 圣经新普及译本--汉语拼音版（送DVD自学普通话） | E6: 5 | F6: 0 | G6: 312
A7: 9789622936508 | B7: 经文汇编 | E7: 5 | F7: 0 | G7: 117
A8: 9787510441967 | B8: 最棒的礼物 | E8: 5 | F8: 0 | G8: 45
A9: 9789887888949 | B9: 情。欲。线--神学 文化与伦理析论 | E9: 0 | F9: 0 | G9: 83
A10: 9789861986785 | B10: 老摩西的牧养学 | E10: 0 | F10: 0 | G10: 55
A11: 9789869516501 | B11: 灵风飙起 | E11: 1 | F11: 0 | G11: 87
A12: 9789865809201 | B12: 上帝的大能--福音神学基础 | E12: 1 | F12: 0 | G12: 0
A13: 9789622087514 | B13: 职场伦理学 | E13: 1 | F13: 0 | G13: 112
... A1457: 9789624572452 | B1457: 使徒行传与保罗书信要领 | E1457: 1 | F1457: 0 | G1457: 74
